 Dungeon Crawl Stone Soup version 0.28.0-45-g0d030f2227 (webtiles) character file.

Game seed: 9223105876542104686

157 RascalDebosk the Sneak (level 5, -7/49 HPs)
             Began as a Deep Dwarf Delver on Apr 24, 2022.
             Succumbed to Jingleheimer's ghost's poison
             ... on level 3 of the Dungeon.
             The game lasted 00:07:10 (1135 turns).

RascalDebosk the Sneak (Deep Dwarf Delver)          Turns: 1135, Time: 00:07:11

Health: -7/49      AC:  7    Str: 17    XL:     5   Next: 15%
Magic:  4/4        EV: 10    Int: 11    God:
Gold:   54         SH:  0    Dex: 14    Spells: 4/4 levels left

rFire   . . .      SeeInvis .   o - +7 hand axe of Context {drain, Will+}
rCold   . . .      Faith    .   (no shield)
rNeg    . . .      Spirit   .   m - +0 scale mail
rPois   .          Reflect  .   l - +0 helmet
rElec   .          Harm     .   (no cloak)
rCorr   .          Rampage  .   (no gloves)
Will    +....                   (no boots)
Stlth   ++........              (no amulet)
HPRegen 0.00/turn               (no ring)
MPRegen 0.09/turn               (no ring)

@: lethally poisoned (-7 -> -21)
A: damage resistance, heal wounds, sense surroundings 1, no regeneration
a: Heal Wounds


You were on level 3 of the Dungeon.
You visited 1 branch of the dungeon, and saw 3 of its levels.

You collected 54 gold pieces.

Inventory:

Hand Weapons
 a - a +0 hand axe
 i - a +2 rapier of venom
 o - the +7 hand axe of Context (weapon) {drain, Will+}
   (You found it on level 3 of the Dungeon)

   A truly terrible weapon, it drains the life of any living foe it strikes.
   Will:      It increases your willpower.
Armour
 b - a +0 leather armour
 l - a +0 helmet (worn)
 m - a +0 scale mail (worn)
Wands
 g - a wand of digging (3)
 h - a wand of mindburst (5)
Scrolls
 c - a scroll of fog
 d - a scroll of magic mapping
 e - 2 scrolls of fear
Potions
 f - a potion of haste
 j - a potion of lignification {unknown}
 k - 2 potions of brilliance {unknown}
 n - a potion of heal wounds {unknown}


   Skills:
 + Level 3.4 Fighting
 + Level 3.2 Axes
 + Level 2.1 Armour
 + Level 3.2 Dodging
 - Level 6.0 Stealth
 + Level 2.5 Evocations


You had 4 spell levels left.
You didn't know any spells.
Your spell library was empty.

Dungeon Overview and Level Annotations

Branches:
Dungeon (5/15)
 Temple: D:4-7

Altars:
Trog

Annotations:
D:3 Jingleheimer's ghost, amateur GrFi
D:5 1 transporter


Innate Abilities, Weirdness & Mutations

You are resistant to damage.
You can heal yourself by infusing magical energy.
You passively map a small area around you.
You do not regenerate.


Message History

Jingleheimer's ghost is lightly damaged.
Jingleheimer's ghost barely misses you.
You slash Jingleheimer's ghost!
Jingleheimer's ghost is moderately damaged.
Jingleheimer's ghost hits you.
You are more poisoned.
You closely miss Jingleheimer's ghost.
Jingleheimer's ghost is moderately damaged.
Jingleheimer's ghost hits you but does no damage.
You are more poisoned.
You hit Jingleheimer's ghost but do no damage.
Jingleheimer's ghost is moderately damaged.
You feel sick.
Jingleheimer's ghost completely misses you.
You hit Jingleheimer's ghost.
Jingleheimer's ghost is heavily damaged.
Jingleheimer's ghost hits you.
You are more poisoned.
Jingleheimer's ghost misses you.
You closely miss Jingleheimer's ghost.
Jingleheimer's ghost is heavily damaged.
You feel very sick. Jingleheimer's ghost hits you.
You are more poisoned.
You slash Jingleheimer's ghost!
Jingleheimer's ghost is severely damaged.
You feel very sick. Jingleheimer's ghost hits you.
* * * LOW HITPOINT WARNING * * *
You are lethally poisoned!
You hit Jingleheimer's ghost but do no damage.
Jingleheimer's ghost is severely damaged.
* * * LOW HITPOINT WARNING * * *
You feel extremely sick.
Jingleheimer's ghost says, "I am made of steel!"
Jingleheimer's ghost hits you.
You are more poisoned.
You hit Jingleheimer's ghost but do no damage.
Jingleheimer's ghost is severely damaged.
You die...

#### #..##
*
#.#######
*
#@W≈≈≈≈$≈
*,
#.#######
* ##..##
#..## #.##
* ##.# *
###..# *
##...##
##...#####
, ,


You could see Jingleheimer's ghost.

Vanquished Creatures
  An orc priest (D:3)
  An iguana (D:4)
  An orc wizard (D:3)
  A howler monkey skeleton (D:4)
  An adder (D:3)
  3 gnolls (D:4)
  11 orcs
  A giant cockroach (D:4)
  4 hobgoblins
  A ball python (D:3)
  2 bats (D:3)
27 creatures vanquished.

Notes
Turn   | Place    | Note
-------+----------+-------------------------------------------
     0 | D:5      | RascalDebosk the Deep Dwarf Delver began the quest for the
                  | Orb.
     0 | D:5      | Reached XP level 1. HP: 20/20 MP: 1/1
     8 | D:5      | Found a transporter.
    29 | D:4      | Noticed an iguana
    50 | D:4      | Killed an iguana
    51 | D:4      | Reached skill level 1 in Armour
    51 | D:4      | Reached skill level 1 in Evocations
    51 | D:4      | Reached XP level 2. HP: 17/27 MP: 2/2
    61 | D:4      | Reached XP level 3. HP: 17/33 MP: 3/3
   432 | D:4      | Found a bloodstained altar of Trog.
   576 | D:4      | Reached XP level 4. HP: 42/42 MP: 3/3
  1064 | D:3      | Reached XP level 5. HP: 39/49 MP: 4/4
  1074 | D:3      | Identified the +7 hand axe of Context {drain, Will+}
  1112 | D:3      | Found a runed translucent door.
  1117 | D:3      | Noticed Jingleheimer's ghost (amateur GrFi)
  1134 | D:3      | HP: 2/49 [poisoned by Jingleheimer's ghost]
  1135 | D:3      | Succumbed to Jingleheimer's ghost's poison

Illustrated notes

Levels and vault maps discovered:
D:3:      layout_loops_cross, overflow_temple_1_default,
          gammafunk_temple_overflow_wave, ebering_ghost_sewer_d,
          lemuel_old_faithful, uniq_jessica
D:4:      layout_basic, mainiacjoe_overflow_brackets
D:5:      nicolae_cairo_tiling_large, layout_cave_pools, gammafunk_ghost_smash,
          serial_shops, shop, kennysheep_little_box, kennysheep_mini_moat,
          nicolae_lakefront_shop, kennysheep_mini

Skill      XL: |  1  2  3  4 |
---------------+-------------+-----
Armour         | 1 2 |  2.1
Evocations     | 1 2 |  2.5
Fighting       | 3 |  3.4
Axes           | 3 |  3.2
Dodging        | 3 |  3.2
Stealth        | |  6.0

Action                   |  1- 3 |  4- 6 || total
-------------------------+-------+-------++-------
Melee: Rapier            |    33 |    36 ||    69
       Hand axe          |       |    15 ||    15
 Abil: Heal Wounds       |     3 |       ||     3
 Stab: Sleeping          |       |     2 ||     2
Armor: Leather armour    |     3 |       ||     3
       Scale mail        |       |    22 ||    22
Dodge: Dodged            |    20 |    30 ||    50
